Map: Daybreak LE (Void)

Players

Pzike - Winner!

  • Race: Zerg Zerg
  • League: Diamond
  • Spawn Location: 1:00

Musumeci

  • Race: Zerg Zerg
  • League: Diamond
  • Spawn Location: 7:00

VOD

Have the link to the VOD?

Description

Time

  • Played on: Jan. 9, 2017, 7:43 a.m.
  • Length: 17:02
Show
View Real Time Build Order
Export as new Build Order

Pzike Zerg - Winner!

Build Orders: Pool First, Zergling Baneling 

Get SALT Encoding   

  12  0:01  Drone  
  13  0:08  Drone  
  14  0:27  Spawning Pool  
  13  0:29  Extractor  
  13  0:31  Drone  
  13  0:36  Drone  
  14  0:45  Overlord  
  14  1:13  Zergling x4  
  14  1:14  Zergling x2  
  17  1:19  Baneling Nest  
  17  1:23  Queen  
  18  1:27  Zergling x2  
  19  1:39  Zergling x2  
  20  1:48  Zergling x2  
  21  1:57  Overlord  
  21  2:09  Zergling x2  
  22  2:19  Zergling x2  
  23  2:34  Zergling x2  
  23  2:35  Zergling x6  
  27  2:44  Baneling x4  
  27  2:45  Baneling x2  
  27  2:46  Baneling x2  
  27  2:49  Zergling x2  
  29  2:58  Drone  
  25  3:26  Drone x5  
  30  3:40  Hatchery  
  29  3:42  Drone  
  30  3:53  Lair  
  30  4:07  Drone, Overlord  
  30  4:11  Baneling x2  
  30  4:12  Baneling x2  
  30  4:22  Roach Warren  
  24  4:52  Queen x2  
  24  4:56  Drone x2  
  24  4:57  Drone x2  
  32  5:05  Metabolic Boost, Extractor  
  32  5:12  Drone x2  
  35  5:14  Drone  
  35  5:24  Drone  
  35  5:25  Drone  
  37  5:39  Extractor  
  37  5:42  Drone x3  
  34  6:00  Drone  
  33  6:05  Baneling x2  
  33  6:06  Drone x2  
  33  6:07  Drone x6  
  41  6:13  Spire  
  41  6:18  Overlord  
  40  6:24  Overlord  
  40  6:52  Overlord  
  40  7:02  Drone x4  
  40  7:06  Extractor  
  42  7:18  Drone x3  
  45  7:27  Hatchery  
  44  7:39  Mutalisk x4  
  44  7:40  Mutalisk x4  
  60  7:49  Zerg Flyer Weapons Level 1  
  60  8:00  Overlord  
  60  8:01  Overlord x2  
  60  8:17  Evolution Chamber  
  60  8:18  Drone  
  60  8:19  Drone x4, Evolution Chamber  
  63  8:26  Mutalisk x2  
  63  8:28  Mutalisk  
  69  8:38  Drone x3  
  69  8:39  Drone  
  73  9:03  Mutalisk x2, Drone x3  
  73  9:04  Mutalisk x3  
  86  9:12  Drone x2  
  86  9:13  Drone  
  89  9:28  Drone  
  89  9:29  Infestation Pit, Drone, Overlord  
  89  9:30  Overlord x2  
  90  9:47  Queen  
  88  10:10  Zerg Flyer Weapons Level 2  
  88  10:11  Hive  
  88  10:13  Drone  
  88  10:14  Drone x7  
  92  10:15  Drone  
  92  10:17  Extractor x2  
  93  10:28  Zerg Melee Weapons Level 1  
  93  10:29  Zerg Ground Armor Level 1  
  93  10:33  Hatchery  
  92  10:46  Mutalisk  
  92  10:47  Mutalisk x3  
  92  10:49  Mutalisk  
  102  10:57  Centrifical Hooks  
  102  11:05  Drone x2  
  102  11:08  Drone x7  
  102  11:09  Drone x3  
  102  11:10  Overlord x4  
  106  11:33  Zergling x20  
  106  11:36  Baneling x3  
  116  11:42  Zergling x6  
  116  11:43  Zergling x6  
  122  11:48  Queen  
  122  11:51  Drone x3, Extractor  
  122  11:52  Extractor  
  125  11:57  Drone x3  
  125  11:59  Baneling  
  125  12:00  Baneling x19  
  128  12:06  Mutalisk x4  
  136  12:11  Overlord x2  
  136  12:22  Zerg Melee Weapons Level 2, Zerg Ground Armor Level 2  
  136  12:28  Greater Spire  
  136  12:36  Adrenal Glands  
  136  12:44  Zergling x2  
  136  12:45  Zergling x30  
  152  12:51  Overlord  
  150  13:12  Baneling  
  148  13:13  Baneling x18  
  148  13:14  Baneling x13  
  148  13:15  Baneling  
  148  13:17  Zergling x24  
  160  13:27  Overlord x4  
  160  13:28  Overlord x3  
  105  14:19  Overseer  
  98  14:40  Corruptor x7  
  98  14:45  Zergling x6  
  113  14:46  Zergling x32  
  131  14:54  Queen  
  133  15:13  Brood Lord  
  141  15:14  Brood Lord x3  
  141  15:19  Brood Lord  
  144  15:21  Zergling x2  
  144  15:22  Zergling x26  
  157  15:37  Overseer  
  157  15:40  Pneumatized Carapace  
  157  15:41  Hatchery  
  117  16:03  Zergling x6  
  117  16:04  Zergling x32  
  134  16:12  Baneling  
  134  16:13  Baneling x6  
Show
View Real Time Build Order
Export as new Build Order

Musumeci Zerg 

Build Orders: Hatch First 

Get SALT Encoding   

  12  0:01  Drone  
  13  0:08  Drone  
  14  0:17  Overlord  
  14  0:23  Extractor  
  14  0:24  Drone  
  15  0:37  Drone x2  
  17  0:56  Hatchery  
  16  1:04  Drone x2, Extractor  
  17  1:20  Spawning Pool  
  16  1:31  Drone x2  
  16  1:32  Drone  
  19  2:11  Spine Crawler  
  19  2:12  Spine Crawler, Zergling x8  
  19  2:14  Metabolic Boost  
  21  2:19  Zergling x2  
  22  2:28  Zergling x2  
  23  2:32  Zergling x2  
  23  2:35  Overlord  
  24  2:56  Queen  
  26  2:58  Zergling x2  
  26  2:59  Zergling x2  
  20  3:25  Zergling x4  
  20  3:34  Zergling x2  
  21  3:44  Evolution Chamber  
  21  3:46  Zergling x2  
  21  3:49  Zergling x2  
  21  3:50  Baneling Nest  
  21  4:00  Zergling x2  
  22  4:08  Roach Warren  
  23  4:12  Hatchery  
  21  4:38  Zergling x2  
  21  4:39  Zergling x4  
  19  4:49  Drone x4  
  23  5:11  Roach x2  
  27  5:16  Drone  
  27  5:17  Drone  
  27  5:18  Drone  
  30  5:37  Drone  
  30  5:38  Queen, Drone x3  
  33  6:12  Roach  
  33  6:14  Drone  
  33  6:18  Overlord  
  36  6:19  Overlord  
  36  6:20  Overlord  
  36  6:30  Lair  
  36  6:46  Roach x2  
  40  6:51  Evolution Chamber  
  40  6:52  Evolution Chamber  
  38  7:01  Drone  
  38  7:02  Drone x9  
  38  7:05  Extractor  
  47  7:17  Drone x2, Extractor  
  47  7:18  Drone  
  47  7:22  Drone x2  
  51  7:26  Zerg Missile Weapons Level 1  
  51  7:29  Drone x2  
  53  7:30  Extractor  
  53  7:34  Drone  
  53  7:41  Drone  
  53  7:42  Drone  
  55  7:46  Glial Reconstitution  
  55  7:59  Hydralisk Den  
  55  8:03  Spore Crawler x2  
  52  8:06  Queen, Spore Crawler x3  
  52  8:07  Drone  
  52  8:08  Queen, Spore Crawler x2  
  52  8:19  Overlord x2  
  52  8:20  Overlord x3  
  52  8:33  Muscular Augments  
  52  8:38  Hydralisk x3  
  58  8:47  Hydralisk x2  
  62  8:59  Drone x5  
  62  9:02  Drone  
  68  9:04  Drone  
  68  9:05  Drone  
  70  9:30  Hatchery  
  69  9:38  Hydralisk x4  
  67  10:04  Hydralisk x3  
  67  10:05  Hydralisk x4  
  75  10:26  Hydralisk x6  
  79  10:48  Hydralisk x2  
  83  10:55  Zerg Ground Armor Level 1  
  83  10:58  Hatchery, Drone  
  78  11:40  Hydralisk  
  78  11:41  Hydralisk x2  
  78  11:43  Zerg Missile Weapons Level 2  
  84  11:50  Overlord x5  
  84  11:51  Overlord  
  84  12:06  Roach  
  84  12:08  Queen, Roach x6  
  92  12:11  Drone x2  
  100  12:20  Ravager  
  100  12:41  Spore Crawler  
  100  12:42  Roach x7, Spore Crawler  
  112  12:48  Queen  
  108  13:14  Roach x8  
  108  13:17  Ravager x3  
  108  13:18  Ravager  
  128  13:21  Ravager  
  128  13:22  Ravager  
  128  13:25  Ravager x2  
  132  13:40  Roach x3  
  103  13:58  Roach x7  
  93  14:08  Hydralisk x2  
  85  14:10  Drone  
  85  14:11  Drone  
  83  14:19  Spore Crawler  
  83  14:20  Extractor  
  83  14:24  Spore Crawler  
  80  14:31  Ravager x5  
  85  14:37  Hydralisk x2  
  87  14:44  Hydralisk  
  89  15:05  Infestation Pit  
  88  15:13  Hydralisk x2  
  92  15:22  Ravager  
  92  15:23  Ravager  
  88  15:53  Hydralisk x6  
  59  15:59  Queen  
  51  16:09  Spire  
  48  16:19  Roach x2  
Tags
 
Add a new tag
Caveats
  • Supply blocks, unpowered buildings, or Contaminate may cause inaccurate times.
  • Supply counts are checked every 10 seconds.